 Dungeon Crawl Stone Soup version 0.30-a0-870-gc5d4c5acee (webtiles) character file.

Game seed: 1419001159332937193

564 Anamonty the Stinger (level 7, -2/45 HPs)
             Began as an Octopode Venom Mage on Mar 11, 2023.
             Killed from afar by Duvessa (11 damage)
             ... with a bolt of light
             ... on level 4 of the Dungeon.
             The game lasted 00:08:29 (4068 turns).

Anamonty the Stinger (Octopode Venom Mage)          Turns: 4068, Time: 00:08:30

Health: -2/45      AC:  1    Str:  9    XL:     7   Next: 32%
Magic:  1/12       EV: 15    Int: 17    God:
Gold:   219        SH:  0    Dex: 19    Spells: 3/13 levels left

rFire   . . .      SeeInvis +    (no weapon)
rCold   . . .      Faith    .    (no shield)
rNeg    . . .      Spirit   .    (helmet restricted)
rPois   .          Reflect  .    (no amulet)
rElec   .          Rampage  .    q - +6 ring of dexterity
rCorr   .                        h - ring of see invisible
Will    .....                    l - ring of wizardry
Stlth   ++                       (no ring)
HPRegen 0.27/turn                (no ring)
MPRegen 0.13/turn                (no ring)
                                 (no ring)
                                 (no ring)

@: confused
A: almost no armour, amphibious, 8 rings, camouflage 1, gelatinous body 1,
(nimble swimmer 1), tentacles
a: no special abilities


You were on level 4 of the Dungeon.
You visited 1 branch of the dungeon, and saw 4 of its levels.

You collected 219 gold pieces.

Inventory:

Jewellery
 h - a ring of see invisible (right tentacle)
 l - a ring of wizardry (on tentacle)
 q - a +6 ring of dexterity (left tentacle)
Scrolls
 b - 2 scrolls of vulnerability
 c - a scroll of teleportation
 d - a scroll of enchant weapon {unknown}
 f - a scroll of magic mapping {unknown}
 i - a scroll of immolation {unknown}
 j - 2 scrolls of enchant armour
 m - a scroll of noise {unknown}
 p - a scroll of poison {unknown}
 r - a scroll of fog {unknown}
 s - a scroll of identify
Potions
 a - 2 potions of curing
 e - 2 potions of resistance {unknown}
 g - a potion of degeneration {unknown}
 k - a potion of heal wounds
 n - a potion of ambrosia {unknown}
 o - 2 potions of brilliance {unknown}


   Skills:
 + Level 2.4 Fighting
 + Level 3.9 Dodging
 - Level 4.0 Stealth
 + Level 3.5 Spellcasting
 - Level 1.0 Transmutations
 * Level 6.7 Poison Magic


You had 3 spell levels left.
You knew the following spells:

 Your Spells              Type           Power      Damage    Failure   Level
a - Sting                 Tmut/Pois      64%        1d6       1%          1
b - Poisonous Vapours     Pois/Air       28%        N/A       2%          2
c - Olgreb's Toxic Radia  Pois           26%        N/A       4%          4
d - Mephitic Cloud        Conj/Pois/Air  10%        N/A       9%          3

Your spell library contained the following spells:

 Spells                   Type           Power      Damage    Failure   Level
 Sandblast                Erth           4%         2d4       7%          1
 Passwall                 Tmut/Erth      3%         N/A       9%          2
 Dazzling Flash           Conj/Hex       4%         N/A       21%         3
 Stone Arrow              Conj/Erth      4%         3d7       21%         3
 Agony                    Necr           2%         N/A       86%         5
 Silence                  Hex/Air        1%         N/A       86%         5


Dungeon Overview and Level Annotations

Branches:
Dungeon (4/15)
 Temple: D:4-7

Altars:
Gozag
Nemelex Xobeh
Yredelemnul

Shops:
D:4 (

Annotations:
D:4 Dowan, Duvessa


Innate Abilities, Weirdness & Mutations

You cannot wear most types of armour.
You are amphibious.
You can wear up to eight rings at the same time.
Your skin changes colour to match your surroundings (Stealth+).
Your rubbery body absorbs attacks. (AC +1, EV +1)
((You are camouflaged when in or above water. (Stealth+)))
You have tentacles for arms and can constrict up to eight enemies at once.


Message History

Confirm with . or Enter, or press ? or * to list all spells.
Aiming: Sting (safe; 1% risk of failure)
Press: ? - help, Shift-Dir - straight line, f/p - Eustachio
Aim: Eustachio, wielding a +0 rapier and wearing a +0 leather armour (heavily wounded, confused, extremely poisoned, 88% to hit)
The sting misses Eustachio.
Eustachio misses you.
Eustachio barely misses himself.
Duvessa, Sister of Dowan comes into view.
She is wielding a +0 short sword and carrying a wand of light (14).
You tentacle-slap Eustachio but do no damage.
You grab Eustachio. You squeeze Eustachio.
Eustachio is heavily wounded.
You constrict Eustachio, but do no damage.
Unknown command.
You release your grip on Eustachio.
Dowan, Brother of Duvessa comes into view.
He is wielding a +0 dagger and carrying a wand of roots (9).
Eustachio seems less confused.
Eustachio casts a spell.
The crimson imp summons a swarm of flies.
Eustachio gestures wildly while chanting.
Eustachio blinks!
Dowan zaps a wand.
The roots erupt in riotous growth!
The grasping roots grab you! The grasping roots constrict you!
Casting: Sting (safe; 1% risk of failure)
Confirm with . or Enter, or press ? or * to list all spells.
Aiming: Poisonous Vapours (safe; 2% risk of failure)
Press: ? - help, Dir - move target, f/p - Eustachio
Aim: Eustachio, wielding a +0 rapier and wearing a +0 leather armour (almost dead, very poisoned) Poisonous vapours surround Eustachio!
Eustachio looks even sicker.
Duvessa says, "I don't care about looks, I care about technique!"
Dowan casts a spell at you. The puff of flame hits you!
The grasping roots constrict you.
You escape the roots grasp.
The crimson imp attacks as you move away!
The crimson imp completely misses you.
The crimson imp disappears in a puff of smoke!
You feel a bit more experienced.
Duvessa zaps a wand.
The bolt of light hits you!!
* * * LOW HITPOINT WARNING * * *
Duvessa zaps a wand.
The bolt of light hits you!
You are confused.
You die...

#....#.........@..........
##...##....#..##......>.#
#.........###..#..)...#
###........###.....e....#
#...##.................####
#..#............e......#.#
###.#............#.)......#
#........##......##.###...#
###..........@#..##^# #..##
###........###.##8# #..##
#........##..##^####..#
#..[.<....##.##.#.....#
##.....#...#.##......##
#......###......###..#
#...........#..#.##...##
##..#.##..###..#.......#
....####...............#


You could see Duvessa and Dowan.

Vanquished Creatures
  Sigmund (D:2)
  Eustachio (D:4)
  Jessica (D:2)
  2 orc wizards (D:3)
  Natasha (D:4)
  Robin (D:2)
  4 adders
  An ufetubus (D:4)
  3 worms
  2 dart slugs
  13 orcs (D:3)
  4 ball pythons
  9 endoplasms
  4 giant cockroaches
  16 goblins
  9 hobgoblins
  8 kobolds
  2 quokkas
  8 bats
  5 frilled lizards
  10 rats
105 creatures vanquished.

Notes
Turn   | Place    | Note
-------+----------+-------------------------------------------
     0 | D:1      | Anamonty the Octopode Venom Mage began the quest for the
                  | Orb.
     0 | D:1      | Reached XP level 1. HP: 11/11 MP: 3/3
    64 | D:1      | Reached XP level 2. HP: 17/17 MP: 0/5
   136 | D:1      | Learned a level 2 spell: Poisonous Vapours
   321 | D:1      | Reached skill level 4 in Poison Magic
   689 | D:1      | Reached XP level 3. HP: 21/21 MP: 3/6
   930 | D:2      | Noticed Sigmund
  1378 | D:2      | Reached XP level 4. HP: 26/27 MP: 4/7
  1388 | D:2      | Learned a level 4 spell: Olgreb's Toxic Radiance
  1491 | D:2      | Noticed Jessica
  1495 | D:2      | Killed Jessica
  1928 | D:2      | Killed Sigmund
  1929 | D:2      | Reached skill level 1 in Fighting
  1929 | D:2      | Reached skill level 5 in Poison Magic
  1929 | D:2      | Reached XP level 5. HP: 5/33 MP: 6/9
  1929 | D:2      | Reached XP level 6. HP: 6/38 MP: 6/10
  2390 | D:2      | Noticed Robin
  2397 | D:2      | Killed Robin
  2490 | D:3      | Learned a level 3 spell: Mephitic Cloud
  2619 | D:3      | Found a faded altar of an unknown god.
  2968 | D:3      | Reached skill level 6 in Poison Magic
  3225 | D:3      | Found a basalt altar of Yredelemnul.
  3323 | D:3      | Found a sparkling altar of Nemelex Xobeh.
  3734 | D:3      | Found a faded altar of an unknown god.
  3739 | D:3      | Found an opulent altar of Gozag.
  3823 | D:4      | Noticed Natasha
  3830 | D:4      | Killed Natasha
  4020 | D:4      | Found Kofiqan's Antique Weapon Emporium.
  4050 | D:4      | Noticed Eustachio
  4054 | D:4      | Reached XP level 7. HP: 45/45 MP: 3/11
  4056 | D:4      | Noticed Duvessa
  4058 | D:4      | Noticed Dowan
  4066 | D:4      | Killed Eustachio
  4068 | D:4      | Killed from afar by Duvessa

Illustrated notes

Levels and vault maps discovered:
D:1:      dpeg_arrival_prison, layout_rooms, kennysheep_doodads
D:2:      layout_basic, grunt_ministairs_15, grunt_decor_cap, uniq_sigmund,
          uniq_jessica, uniq_robin
D:3:      layout_basic, lemuel_coloured_pillars_altar,
          nicolae_overflow_ecumenical_swirl, general_overflow_altar,
          shapermc_ecumenical_altar_venn, mrwooster_statue_mirror, hex_medium,
          minmay_large_rounded_square, minmay_circle_x
D:4:      layout_cave_pools, mainiacjoe_overflow_alcove_4,
          cheibrodos_worm_habitat, serial_shops, shop_fountains,
          minmay_misc_feat_rugged, ebering_dispersal_statue_hall, uniq_menkaure,
          uniq_natasha, uniq_eustachio, uniq_duvessa

Skill      XL: |  1  2  3  4  5  6 |
---------------+-------------------+-----
Stealth        | 3 4 |  4.0
Poison Magic   | 4 5 6 |  6.7
Fighting       | 1 2 |  2.4
Dodging        | 3 |  3.9
Spellcasting   | 3 |  3.5
Transmutations | |  1.0

Action                     |  1- 3 |  4- 6 |  7- 9 || total
---------------------------+-------+-------+-------++-------
  Melee: Unarmed           |    55 |    84 |     2 ||   141
         Tentacles         |    15 |    15 |     1 ||    31
         Constrict         |    16 |    20 |     1 ||    37
         Punch             |     1 |     4 |       ||     5
   Cast: Sting             |    36 |    45 |     2 ||    83
         Poisonous Vapours |    12 |     4 |     1 ||    17
         Olgreb's Toxic Ra |       |    16 |       ||    16
         Mephitic Cloud    |       |     1 |       ||     1
    Use: Scroll            |     1 |     4 |       ||     5
         Potion            |       |     3 |       ||     3
   Stab: Sleeping          |     1 |     2 |       ||     3
         Confused          |       |       |     1 ||     1
 Armour: Skin              |     4 |     5 |       ||     9
  Dodge: Dodged            |    52 |    57 |     2 ||   111

Table legend: (Time is in decaauts)
 A = Elapsed time spent in this place.
 B = Non-inter-level travel time spent in this place.
 C = Inter-level travel time spent in this place.
 D = Time resting spent in this place.
 E = Time spent auto-exploring this place.
 F = Levels seen in this place.
 G = Mean time per level.
                   A        B        C        D        E       F      G
               +--------+--------+--------+--------+--------+-----+--------+
         Total |   4066 |   3989 |     77 |      0 |   3087 |   4 | 1016.5 |
       Dungeon |   4066 |   3989 |     77 |      0 |   3087 |   4 | 1016.5 |
               +--------+--------+--------+--------+--------+-----+--------+

Top non-repeatable levels by time:
     D:2: 1645 daAuts
     D:3: 1414 daAuts
     D:1: 835 daAuts
     D:4: 171 daAuts
